AoeStats
← Modjo

Black Forest

505488388Analyzed
3v3 RM · 23d ago on Sep 9, 2026· 52m 32s· 6 players
Game mode
Random Map
Map size
Normal (6 player)
Population
200
Speed
Normal
Resources
Standard
Victory
Conquest
Starting age
Dark Age
Ending age
Imperial Age
RankedLock teamsTeams togetherTeam positionsShared explorationLock speedFull tech treeHidden civsTurbo modeCheats
Victory
Defeat
🇫🇷 Bengalis · France
1608
+16
🇫🇷 Dravidians · France
1563
+18
🇨🇭 Celts · Switzerland
1547
+18
1626
-18
🇻🇳 Persians · Vietnam
1603
-17
🇨🇳 Britons · China
1602
-17
Long-Long-Way
1:20 Loom
13:57 Feudal Age
17:50 Castle Age
16:05 Double-Bit Axe
16:42 Fishing Lines
18:41 Bow Saw
21:31 Gillnets
23:08 Town Watch
23:59 Wheelbarrow
26:10 Stone Mining
32:05 Imperial Age
29:29 Fletching
30:21 Fortified Wall
30:33 Ballistics
31:40 Caravan
31:38 Bodkin Arrow
32:05 Hand Cart
32:36 Yeomen
32:09 Elite Longbowman
34:25 Two-Man Saw
33:48 Block Printing
35:03 Fervor
35:24 Illumination
35:16 Bracer
35:16 Padded Archer Armor
36:39 Chemistry
36:11 Conscription
35:56 Warwolf
36:44 Coinage
36:33 Sappers
38:19 Banking
42:09 Hoardings
42:07 Sanctity
41:48 Devotion
48:19 Onager
49:16 Leather Archer Armor
49:10 Siege Engineers
49:16 Masonry
49:50 Onager
51:24 Architecture
50:36 Treadmill Crane
50:52 Murder Holes
51:22 Town Patrol
Viet Nam Strategy
0:50 Loom
12:02 Feudal Age
12:30 Double-Bit Axe
17:00 Castle Age
14:43 Horse Collar
16:06 Stone Mining
16:12 Gold Mining
17:29 Wheelbarrow
17:39 Bow Saw
17:38 Heavy Plow
18:51 Hand Cart
22:54 Town Watch
29:45 Imperial Age
28:11 Stone Shaft Mining
28:30 Gold Shaft Mining
28:04 Caravan
28:35 Coinage
29:00 Scale Barding Armor
29:05 Forging
30:26 Chain Barding Armor
30:24 Bloodlines
30:14 Husbandry
30:21 Town Patrol
29:51 Elite War Elephant
31:24 Iron Casting
32:03 Two-Man Saw
31:30 Conscription
32:39 Banking
33:25 Plate Barding Armor
33:17 Guilds
33:45 Crop Rotation
33:23 Murder Holes
33:47 Masonry
35:05 Blast Furnace
36:49 Architecture
44:17 Fletching
44:28 Padded Archer Armor
47:43 Chemistry
46:43 Bodkin Arrow
3∅∰©Ψ H̵͎̄ẽ̵̝ ̵
12:46 Feudal Age
13:17 Double-Bit Axe
19:35 Castle Age
19:55 Fishing Lines
20:40 Bow Saw
20:53 Gillnets
22:03 Wheelbarrow
21:22 Gold Mining
22:25 Loom
23:53 Hand Cart
24:36 Gold Shaft Mining
27:19 Imperial Age
25:39 Padded Archer Armor
25:34 Stone Mining
26:27 Crossbowman
27:14 Thumb Ring
27:00 Fletching
27:26 Leather Archer Armor
29:15 Chemistry
28:12 Bodkin Arrow
27:39 Arbalester
28:39 Elite Skirmisher
29:22 Bracer
29:53 Ring Archer Armor
29:45 Ballistics
31:57 Two-Man Saw
31:40 Treadmill Crane
33:03 Caravan
35:01 Guilds
35:10 Fortified Wall
38:59 Scale Barding Armor
39:05 Forging
39:32 Fervor
39:43 Sanctity
39:49 Illumination
39:40 Block Printing
40:37 Bombard Tower
40:40 Chain Barding Armor
41:06 Theocracy
41:22 Stone Shaft Mining
42:00 Logistica
41:54 Greek Fire
41:46 Onager
43:09 Redemption
Cipiettro_Vicci
1:37 Loom
12:15 Feudal Age
13:28 Double-Bit Axe
15:55 Castle Age
14:23 Fishing Lines
17:27 Bow Saw
17:29 Gillnets
17:46 Horse Collar
22:11 Wheelbarrow
21:41 Heavy Plow
24:26 Hand Cart
25:21 Fletching
28:13 Imperial Age
26:05 Bodkin Arrow
26:59 Ballistics
27:20 Padded Archer Armor
28:22 Leather Archer Armor
28:39 Masonry
29:13 Bracer
29:37 Elite Elephant Archer
30:10 Gold Mining
31:56 Chemistry
32:32 Ring Archer Armor
33:03 Paiks
33:56 Caravan
35:18 Scale Barding Armor
41:42 Two-Man Saw
41:27 Mahayana
44:24 Coinage
46:34 Devotion
50:21 Forging
50:33 Chain Barding Armor
51:02 Husbandry
50:43 Light Cavalry
51:34 Bloodlines
52:40 Plate Barding Armor
pascal sauvage
0:49 Loom
13:19 Feudal Age
17:00 Castle Age
15:09 Double-Bit Axe
15:51 Horse Collar
19:32 Wheelbarrow
19:26 Bow Saw
24:18 Gold Mining
24:42 Heavy Plow
26:39 Scale Mail Armor
29:32 Imperial Age
27:35 Forging
27:18 Pikeman
28:49 Chain Mail Armor
30:04 Iron Casting
29:35 Capped Ram
31:09 Siege Ram
33:19 Halberdier
36:20 Plate Mail Armor
36:40 Hand Cart
36:10 Town Watch
36:16 Heavy Scorpion
38:33 Conscription
40:02 Blast Furnace
42:11 Furor Celtica
44:08 Chemistry
44:20 Onager
45:10 Stone Mining
45:12 Fletching
47:59 Siege Onager
49:23 Siege Engineers
51:24 Ballistics
Modjo
0:45 Loom
11:51 Feudal Age
17:09 Castle Age
15:33 Double-Bit Axe
17:05 Fishing Lines
18:56 Bow Saw
19:35 Wheelbarrow
18:58 Horse Collar
21:23 Gillnets
24:28 Heavy Plow
25:22 Gold Mining
27:02 Hand Cart
27:15 Caravan
32:09 Imperial Age
30:02 Forging
29:16 Pikeman
29:56 Squires
30:01 Scale Mail Armor
30:07 Town Watch
31:00 Town Patrol
32:00 Chain Mail Armor
32:21 Iron Casting
33:14 Wootz Steel
32:16 Halberdier
33:30 Plate Mail Armor
33:47 Ballistics
33:58 Conscription
34:57 Blast Furnace
34:16 Fletching
34:27 Padded Archer Armor
35:48 Hoardings
35:26 Thumb Ring
35:13 Siege Elephant
37:49 Two-Man Saw
36:50 Elite Elephant Archer
38:33 Chemistry
38:51 Guilds
39:12 Coinage
38:48 Bodkin Arrow
39:09 Leather Archer Armor
39:54 Bracer
41:48 Ring Archer Armor
41:33 Medical Corps
43:10 Onager
50:51 Elite Urumi Swordsman
Connection lost

Rejoining the realm…

Still unreachable

The connection could not be restored.

Session expired

The server has moved on; the page needs a fresh start.